 Dungeon Crawl Stone Soup version 0.14-a0-1519-gc5e2f7f (webtiles) character file.

163290 PolkaDot the Maledictor (level 16, -35/93 (96) HPs)
             Began as a Vampire Enchanter on Dec 16, 2013.
             Was the Champion of Sif Muna.
             Killed from afar by Frances (49 damage)
             ... with an iron shot
             ... on Level 1 of the Elven Halls.
             The game lasted 05:06:32 (39542 turns).

PolkaDot the Maledictor (Vampire Enchanter)        Turns: 39542, Time: 05:06:32

HP -35/93 (96)   AC 10     Str  8      XL: 16   Next: 95%
MP   1/32        EV 23     Int 15      God: Sif Muna [******]
Gold 1460        SH 12     Dex 26      Spells: 11 memorised,  1 level left

rFire  x . .     SeeInvis +     b - +3,+1 elf short sword (vamp)
rCold  + + +     Clarity  .     k - +2 robe {rC+}
rNeg   + + +     Conserve .     D - +2 buckler
rPois  +         rCorr    .     S - +0 wizard hat {MR+}
rElec  .         rRot     +     t - +2 cloak {MR+}
SustAb . .       Spirit   .     i - +1 pair of gloves "Yplex" {Dex+4 Int-3}
rMut   .         Warding  .     d - +0 pair of boots
Saprov . . .     Stasis   .     u - amulet of faith
                                v - +5 ring of dexterity
                                h - ring of ice

@: non-regenerating, very slightly contaminated, hasted, very quick, extremely
resistant to hostile enchantments, uncannily stealthy
A: bottle blood, fangs 3, see invisible, (cold resistance 0), unbreathing
a: Bat Form, Bottle Blood, Channel Energy, Forget Spell, Renounce Religion
}: 1/15 runes: decaying


You were on level 1 of the Elven Halls.
You worshipped Sif Muna.
Sif Muna was exalted by your worship.
You were bloodless.

You visited 6 branches of the dungeon, and saw 34 of its levels.
You also visited: Labyrinth, Bailey and Ice Cave.

You collected 3421 gold pieces.
You spent 1961 gold pieces at shops.

Inventory:

Hand weapons
 a - a +2,+0 orcish dagger of protection
 b - a +3,+1 elven vampiric short sword (weapon)
Armour
 d - a +0 pair of boots (worn)
 i - the +1 pair of gloves "Yplex" (worn) {Dex+4 Int-3}
   (You found it in a labyrinth)

   It affects your intelligence (-3).
   It affects your dexterity (+4).
 k - a +2 robe of cold resistance (worn)
 t - a +2 cloak of magic resistance (worn)
 D - a +2 buckler (worn)
 S - a +0 wizard hat of magic resistance (worn)
Magical devices
 o - a wand of teleportation (4)
 x - a wand of digging (9)
 C - a wand of paralysis (11)
 J - a wand of polymorph (6)
 O - a wand of heal wounds (4)
Scrolls
 e - a scroll of identify
 g - 2 scrolls of magic mapping
 l - 2 scrolls of fear
 n - 3 scrolls of teleportation
 q - a scroll of fog
 F - 3 scrolls of remove curse
Jewellery
 f - the amulet of the Four Winds {Clar rN+ MR++}
   (You bought it in a shop on level 4 of the Orcish Mines)

   [amulet of clarity]

   It protects you from negative energy.
   It affects your resistance to hostile enchantments.
 h - a ring of ice (left hand)
 u - an amulet of faith (around neck)
 v - a +5 ring of dexterity (right hand)
Potions
 j - 14 potions of curing
 m - a potion of resistance
Books
 c - Sif Muna's Reference Book on Beguiling
   (Sif Muna gifted it to you in an ice cave)

   Spells                             Type                      Level
   Inner Flame                        Hexes/Fire                   3
   *Enslavement                       Hexes                        4
   *Silence                           Hexes/Air                    5
   Discord                            Hexes                        8
 w - Sif Muna's Volume of Bewitchment
   (Sif Muna gifted it to you on level 1 of the Elven Halls)

   Spells                             Type                      Level
   Spectral Weapon                    Hexes/Charms                 3
   Inner Flame                        Hexes/Fire                   3
   *Confuse                           Hexes                        3
   *Enslavement                       Hexes                        4
   Darkness                           Hexes                        7
 y - Betem's Reference Book on Talismans
   (Sif Muna gifted it to you on level 5 of the Lair of Beasts)

   Spells                             Type                      Level
   *Regeneration                      Charms/Necromancy            3
   Ozocubu's Armour                   Charms/Ice                   3
   Spectral Weapon                    Hexes/Charms                 3
   Iskenderun's Battlesphere          Conjuration/Charms           4
 H - Sif Muna's Grimoire of Enchantment
   (Sif Muna gifted it to you on level 14 of the Dungeon)

   Spells                             Type                      Level
   Confusing Touch                    Hexes                        1
   *Corona                            Hexes                        1
   Fulminant Prism                    Conjuration/Hexes            5
   Mass Confusion                     Hexes                        6
   Darkness                           Hexes                        7
 M - a book of Air

   Spells                             Type                      Level
   Shock                              Conjuration/Air              1
   Swiftness                          Charms/Air                   2
   *Repel Missiles                    Charms/Air                   2
   Flight                             Charms/Air                   3
   Static Discharge                   Conjuration/Air              3
   Lightning Bolt                     Conjuration/Air              5


   Skills:
 - Level 10.2 Short Blades
 - Level 0.7 Throwing
 - Level 10.2 Dodging
 + Level 21.9 Stealth
 + Level 8.7 Spellcasting
 - Level 23.1 Hexes
 - Level 12.4 Charms
 - Level 3.6 Translocations
 * Level 3.5 Air Magic


You had one spell level left.
You knew the following spells:

 Your Spells              Type           Power        Failure   Level  Hunger
a - Corona                Hex            ######.      0%          1    None
b - Sure Blade            Hex/Chrm       ######....   0%          2    None
c - Confuse               Hex            ######..     0%          3    ##.....
d - Ensorcelled Hibernat  Hex/Ice        ######       1%          2    None
e - Enslavement           Hex            ######..     0%          4    ###....
i - Invisibility          Hex            ######..     1%          6    ######.
q - Blink                 Tloc           N/A          6%          2    None
r - Regeneration          Chrm/Necr      ####......   3%          3    ##.....
s - Silence               Hex/Air        #####.....   1%          5    #####..
A - Apportation           Tloc           ###.......   3%          1    None
D - Repel Missiles        Chrm/Air       ####......   1%          2    None


Dungeon Overview and Level Annotations

Branches:
Dungeon (15/16)            Temple (1/1) D:7             Orc (4/4) D:10
    Elf (1/3) Orc:4          Lair (8/8) D:10          Swamp (5/5) Lair:3
 Spider (0/5) Lair:4        Slime (0/6) Lair:8       Vaults (0/5) D:14

Altars:
Ashenzari
Cheibriados
Elyvilon
Fedhas
Kikubaaqudgha
Makhleb
Nemelex Xobeh
Okawaru
Sif Muna
Trog
Vehumet
Xom
Yredelemnul
Zin
the Shining One
Beogh

Shops:
Orc:4 *[==

Annotations:
D:4 Gorice's ghost, average HEBe
D:11 Nergalle
Elf:1 Frances; Nikola
Swamp:2 Aizul


Innate Abilities, Weirdness & Mutations

You do not heal naturally.
You can bottle blood from corpses.
You have razor-sharp teeth.*
You have supernaturally acute eyesight.
You can survive without breathing.*
((Your flesh is cold resistant.))*+


Message History

It stops glowing.
The deep elf knight wields an elven bow.
The deep elf knight shoots a poisoned arrow.
The poisoned arrow misses you.
You see here a poisoned arrow.
The deep elf knight gestures wildly while chanting.
You feel troubled.
Frances mutters in a terrible tongue.
Drink which item? (? for menu, Esc to quit)
You feel yourself speed up.
Frances whispers indecipherable words.
Frances seems to speed up.
The deep elf knight unwields an uncursed elven bow.
The deep elf knight wields an uncursed short sword of holy wrath.
It softly glows with a divine radiance!
The deep elf knight completely misses you.
Frances screams a word of power!
The iron shot hits you!
Ouch! That really hurt!
You die...

#### ##### #..## ##...##
.ss[## #.....##
.....####### #.....f##
.§s...'....########.......#
......#....)......(@3.....#
......#.##......@.e.......#
......#.####.#..###......##
......#.# #....#^#.....##
....).#'## #.#..###....###
###()..).###....@........#
###(.....+...'...........)
..#......##..#...........
..'...).####.#........f.#
#.#...)## ##'##....#...##


You could see Frances, an ice devil and a deep elf knight.

Vanquished Creatures
  A deep elf sorcerer (Elf:1)
  6 vault guards (D:14)
  A minotaur (Lab)
  Fannar (D:15)
  16 hydras
  Nessos (Swamp:2)
  Erica (D:10)
  14 alligators
  10 death yaks
  2 ogre magi (Orc:4)
  Urug (D:15)
  An orc high priest (Orc:4)
  The ghost of SkaryMonk the Jinx, an experienced OpEn of Nemelex Xobeh (D:12)
  3 centaur warriors
  6 deep elf knights
  An unseen horror (D:14)
  A deep troll (Orc:4)
  5 swamp dragons
  An ice statue (IceCv)
  10 hill giants
  4 orc knights
  2 orc sorcerers
  3 deep elf conjurers (Elf:1)
  2 griffons
  An oklob plant (Lair:8)
  A wizard (D:14)
  3 cyclopes
  3 black mambas
  34 spiny frogs
  2 deep elf summoners (Elf:1)
  A swamp worm zombie (Swamp:5)
  An elf (shapeshifter) (D:13)
  A brown ooze (shapeshifter) (D:14)
  A spriggan (D:7)
  Grinder (D:3)
  8 komodo dragons
  5 deep elf priests (Elf:1)
  12 giant leeches
  16 polar bears (IceCv)
  A wind drake (shapeshifter) (Elf:1)
  2 fire drakes
  22 blink frogs
  8 trolls
  Prince Ribbit (D:6)
  A red wasp zombie (D:14)
  3 alligator zombies (Swamp:5)
  15 bog bodies
  12 baby alligators
  5 basilisks
  6 two-headed ogres
  51 yaks
  20 ugly things
  28 slime creatures
  A fire dragon skeleton (D:15)
  A griffon skeleton (D:14)
  7 deep elf magi (Elf:1)
  11 sharks
  Eustachio (D:6)
  A wyvern (D:13)
  3 hogs (Elf:1)
  8 deep elf fighters (Elf:1)
  3 hill giant skeletons
  8 hippogriffs
  41 vampire mosquitoes
  51 swamp worms
  24 wolves
  4 hungry ghosts
  A redback simulacrum (D:14)
  8 swamp drakes
  A black bear (D:8)
  10 porcupines
  2 necrophages
  A yellow wasp (D:11)
  5 ice beasts
  6 sky beasts
  25 orc warriors
  20 ogres
  13 crocodiles
  10 giant goldfish
  A boring beetle (Lair:8)
  4 phantoms
  A blink frog skeleton (D:15)
  10 centaurs
  16 wargs
  Sigmund (D:7)
  A brain worm (D:14)
  10 giant slugs
  22 water moccasins
  Blork the orc (D:7)
  10 insubstantial wisps
  29 giant frogs
  A yaktaur skeleton (D:14)
  3 agate snails
  A giant slug zombie (D:15)
  3 eyes of draining
  9 jellyfish
  9 electric eels
  9 killer bees
  A hippogriff skeleton (D:13)
  11 wights
  A troll skeleton (D:9)
  6 goliath beetles
  6 crimson imps
  18 hounds
  5 iguanas
  8 spiders (Lair:4)
  4 jellies
  A scorpion (D:4)
  A two-headed ogre zombie (Orc:4)
  A water moccasin skeleton (D:5)
  11 big fish
  19 orc wizards
  20 orc priests
  11 worker ants
  12 sheep
  Ijyb (D:2)
  A hound zombie (D:10)
  2 hound skeletons
  3 boggarts (D:15)
  A worker ant zombie (D:5)
  11 gnolls
  3 giant mites
  5 giant centipedes
  25 adders
  60 green rats
  12 white imps (D:12)
  2 goliath beetle zombies
  An inept item mimic (D:7)
  3 worms
  4 giant eyeballs
  14 giant geckos
  166 orcs
  3 ball pythons
  21 bats
  5 giant cockroaches
  23 hobgoblins
  13 jackals
  27 kobolds
  4 giant newts
  A giant spore (D:8)
  21 goblins
  A hobgoblin skeleton (D:5)
  An orc skeleton (D:9)
  5 orc zombies (Orc:4)
  14 quokkas
  29 rats
  2 ballistomycetes (D:8)
1386 creatures vanquished.

Vanquished Creatures (collateral kills)
  Kirke (Elf:1)
  A frost giant (IceCv)
  Gastronok (D:11)
  A troll (Orc:4)
  A two-headed ogre (Orc:4)
  A polar bear (IceCv)
  2 orc warriors (Orc:4)
  2 ogres (Orc:4)
  A manticore skeleton (D:15)
  A cyclops skeleton (D:15)
  2 orc priests (Orc:4)
  2 orc wizards (Orc:4)
  14 orcs (Orc:4)
  A grey rat (D:11)
31 creatures vanquished.

Vanquished Creatures (others)
  A deep troll (Orc:4)
  A deep elf priest (Elf:1)
  3 humans (Elf:1)
  A deep elf mage (Elf:1)
  A swamp drake (Swamp:5)
  2 orc wizards
  A boggart (D:15)
  An ufetubus (Orc:4)
  An orc (Orc:4)
  9 fungi
  7 plants (Lair:8)
28 creatures vanquished.

Grand Total: 1445 creatures vanquished

Notes
Turn   | Place    | Note
--------------------------------------------------------------
     0 | D:1      | PolkaDot, the Vampire Enchanter, began the quest for the Orb.
     0 | D:1      | Reached XP level 1. HP: 13/13 MP: 3/3
   301 | D:1      | Reached XP level 2. HP: 10/19 MP: 2/4
  1006 | D:2      | Reached XP level 3. HP: 17/24 MP: 4/6
  1241 | D:2      | Reached skill level 5 in Hexes
  1263 | D:2      | Learned a level 3 spell: Confuse
  1266 | D:2      | Learned a level 2 spell: Ensorcelled Hibernation
  1817 | D:2      | Reached XP level 4. HP: 30/30 MP: 4/7
  1996 | D:2      | Noticed Ijyb
  2046 | D:2      | Killed Ijyb
  2144 | D:2      | Reached skill level 6 in Hexes
  2262 | D:3      | Noticed Grinder
  2285 | D:3      | Reached skill level 5 in Stealth
  2336 | D:3      | Reached XP level 5. HP: 35/35 MP: 6/9
  2496 | D:3      | Reached skill level 7 in Hexes
  2559 | D:3      | Killed Grinder
  2559 | D:3      | Reached skill level 8 in Hexes
  2559 | D:3      | Reached XP level 6. HP: 28/41 MP: 1/10
  2711 | D:3      | Reached skill level 9 in Hexes
  3049 | D:3      | Reached XP level 7. HP: 46/46 MP: 12/12
  3276 | D:3      | Upgraded the game from 0.14-a0-1499-g388a102 to 0.14-a0-1519-gc5e2f7f
  3526 | D:3      | Learned a level 4 spell: Enslavement
  3764 | D:4      | Noticed Gorice's ghost (average HEBe)
  4134 | D:4      | Reached skill level 10 in Hexes
  4500 | D:5      | Entered Level 5 of the Dungeon
  4716 | D:5      | Reached XP level 8. HP: 48/52 MP: 16/16
  4720 | D:5      | Learned a level 2 spell: Sure Blade
  4737 | D:5      | Found a white marble altar of Elyvilon.
  4781 | D:5      | Reached skill level 11 in Hexes
  4791 | D:5      | Found a burning altar of Makhleb.
  5205 | D:6      | Paralysed by a giant eyeball for 2 turns
  5965 | D:6      | Reached skill level 12 in Hexes
  6006 | D:6      | Found a glowing golden altar of the Shining One.
  6214 | D:6      | You fall through a shaft!
  6234 | D:7      | Found a radiant altar of Vehumet.
  6277 | D:7      | Noticed Blork the orc
  6390 | D:6      | Noticed Prince Ribbit
  6399 | D:6      | Killed Prince Ribbit
  6399 | D:6      | Reached XP level 9. HP: 57/57 MP: 20/20
  6464 | D:6      | Noticed Eustachio
  6471 | D:6      | Killed Eustachio
  6471 | D:6      | Reached skill level 10 in Stealth
  6471 | D:6      | Reached skill level 13 in Hexes
  6729 | D:7      | Noticed a spriggan baker
  6733 | D:7      | Killed a spriggan baker
  6733 | D:7      | Reached skill level 5 in Spellcasting
  6982 | D:7      | Found a staircase to the Ecumenical Temple.
  6991 | D:7      | Learned a level 6 spell: Invisibility
  7005 | D:7      | Reached skill level 14 in Hexes
  7015 | Temple   | Entered the Ecumenical Temple
  7183 | Temple   | dondy: kiku altaaaar...
  7183 | Temple   | dondy: and hi :D
  7183 | Temple   | PolkaDot: xD
  7183 | Temple   | PolkaDot: Pain would do immense damage
  7183 | Temple   | PolkaDot: Eventually
  7183 | Temple   | dondy: pain?
  7183 | Temple   | PolkaDot: The brain
  7183 | Temple   | PolkaDot: brand*
  7183 | Temple   | dondy: ah
  7183 | Temple   | dondy: yeh
  7183 | Temple   | dondy: for a second i thought wtf does he want with that crappy lv1 spell x3
  7183 | Temple   | PolkaDot: xP
  7183 | Temple   | dondy: yeah, painbrand dagger ftw
  7183 | Temple   | dondy: also corpses when you want/need them :p
  7183 | Temple   | dondy: and lots of other nifty necro spells :3
  7183 | Temple   | PolkaDot: Buuut no :p
  7183 | Temple   | dondy: narf...
  7183 | Temple   | PolkaDot: I no how long I *can* go for as a stabber
  7183 | Temple   | PolkaDot: at least
  7183 | Temple   | PolkaDot: it's the first build that got me to Depths ;p
  7183 | Temple   | PolkaDot: which would be long nough to get a good deal out of sif
  7183 | Temple   | PolkaDot: And when I have what I want... Makhleb!
  7183 | Temple   | PolkaDot: Because heals :3
  7183 | Temple   | Became a worshipper of Sif Muna the Loreminder
  7197 | D:7      | dondy: uhhhm, you want to switch from sif to makh? D:
  7197 | D:7      | PolkaDot: eventually
  7197 | D:7      | PolkaDot: why not?
  7197 | D:7      | dondy: dunnoh, god switching is horrifying to me
  7197 | D:7      | PolkaDot: Look at sif's wrath
  7197 | D:7      | PolkaDot: and realise that, as a Vp, I can wait it out in temple ;p
  7197 | D:7      | dondy: lots of miscast crap?
  7197 | D:7      | PolkaDot: Horrid turn count, if you're into that
  7197 | D:7      | PolkaDot: also INT drain
  7197 | D:7      | PolkaDot: and something, though I forget that
  7197 | D:7      | dondy: wow that wrath is super annoying...
  7197 | D:7      | dondy: random forgetting spells
  7197 | D:7      | PolkaDot: Yep, get the slots back though
  7197 | D:7      | dondy: divination miscasts (confusion, mp loss)
  7197 | D:7      | PolkaDot: so I can just re-learn ;D
  7358 | D:7      | dondy: can't say i like your plan d:
  7370 | D:7      | PolkaDot: I can see no reason for it to not work ;p
  7432 | D:7      | Killed Blork the orc
  7433 | D:7      | dondy: "what could possibly go wrong?!
  7434 | D:7      | dondy: huehuehue
  7434 | D:7      | PolkaDot: ALL THE THINGS
  7434 | D:7      | PolkaDot: ;D
  7549 | D:7      | Noticed Sigmund
  7560 | D:7      | Killed Sigmund
  7560 | D:7      | Reached skill level 1 in Charms
  7573 | D:7      | dondy: hehehe
  7616 | D:7      | PolkaDot: also
  7616 | D:7      | PolkaDot: Blooodless
  7616 | D:7      | PolkaDot: like, ALL the time ;D
  7616 | D:7      | PolkaDot: (at least 'til the end of lair)
  7616 | D:7      | PolkaDot: the free heals with stabs at bloodless is pretty cool :)
  7631 | D:7      | dondy: (you have that at any satiation)
  7638 | D:7      | PolkaDot: Not garunteed abover hungry
  7638 | D:7      | PolkaDot: and at alive, it just doesn't happen >.>
  7638 | D:7      | PolkaDot: although, that may just be normal attacking
  7638 | D:7      | dondy: (you have that at most satiation, not that you shouldn't rather be at full health in the first place)
  7638 | D:7      | dondy: hehehe
  7638 | D:7      | PolkaDot: stabbing all time means it rarely goes down a quarter
  7638 | D:7      | PolkaDot: let laone the worrisome half :)
  7638 | D:7      | dondy: dunnoh, i usually get below 50% hp early game quite regularly
  7638 | D:7      | dondy: but then, i don't play bloodless vp at all :>
  7638 | D:7      | PolkaDot: See
  7638 | D:7      | PolkaDot: the difference is that I'm not fighting
  7638 | D:7      | PolkaDot: mostly
  7785 | D:8      | Found an iron altar of Okawaru.
  7837 | D:8      | dondy: the mighty stone
  7840 | D:8      | PolkaDot: \o/
  7840 | D:8      | dondy: hehehe
  7840 | D:8      | PolkaDot: got to 65 before I noticed I'd gone a tad excessive xD
  7840 | D:8      | dondy: heh, yeah
  7840 | D:8      | dondy: happens to me all the time too
  7840 | D:8      | PolkaDot: which I only did after forgetting and corroding the dagger >.>;
  7840 | D:8      | dondy: ...
  7861 | D:8      | PolkaDot: xP
  7870 | D:8      | dondy: that actually never happens to me ;p
  7880 | D:8      | PolkaDot: No matter
  7880 | D:8      | PolkaDot: only got it 'til something better comes along anyways ;p
  7953 | D:8      | dondy: tele trap
  7960 | D:8      | PolkaDot: Orrrr not
  7960 | D:8      | PolkaDot: I'll add invis to the list of buffs next time
  7982 | D:8      | Acquired Sif Muna's first power
  8024 | D:8      | dondy: stone it!
  8028 | D:8      | dondy: JIHAAAD
  8109 | D:8      | PolkaDot: xD
  8214 | D:8      | Reached XP level 10. HP: 49/63 MP: 9/22
  8346 | D:8      | dondy: wait off contam before you autoexplore - pro tip
  8404 | D:8      | PolkaDot: I do
  8404 | D:8      | PolkaDot: sometimes
  8404 | D:8      | PolkaDot: >.> <.<
  8405 | D:8      | dondy: no you don't :p
  8411 | D:8      | PolkaDot: occasionally I do D;
  8415 | D:8      | Reached skill level 15 in Hexes
  8437 | D:8      | dondy: not when someone's looking i guess :P
  8465 | D:8      | PolkaDot: xD
  8653 | D:8      | dondy: even at close range
  8653 | D:8      | PolkaDot: ...
  8653 | D:8      | dondy: it won't corrode your shit
  8653 | D:8      | dondy: if you keep throwing stones
  8653 | D:8      | dondy: (besides armour)
  8653 | D:8      | PolkaDot: Butbutbut... patience
  8653 | D:8      | PolkaDot: I do not have it >.>
  8653 | D:8      | dondy: you don't even need patience, throw a stone and spam `
  8653 | D:8      | PolkaDot: Eh.. dagger's are common as muck ~.~;
  8713 | D:9      | dondy: why are you wielding this poop thing then? :p
  8723 | D:9      | PolkaDot: Because branded daggers are not as common
  8723 | D:9      | PolkaDot: and this is second time I've got at least to Temple without finding one >.>;
  8775 | D:9      | dondy: free blowgun n' needles
  8790 | D:9      | Found a flagged portal.
  8794 | D:9      | dondy: you never use that stuff, hu?
  8808 | D:9      | PolkaDot: I probably should
  8808 | D:9      | PolkaDot: but no, never have
  8809 | Bailey   | Entered a bailey
  8810 | Bailey   | dondy: they're good
  8810 | Bailey   | dondy: btw. invis before opening the door maybe :>
  8810 | Bailey   | PolkaDot: I know
  8810 | Bailey   | PolkaDot: I know this layout, I think
  8810 | Bailey   | PolkaDot: door, MOB
  8810 | Bailey   | PolkaDot: then loot
  8810 | Bailey   | PolkaDot: rinse and repeat two or three times
  8810 | Bailey   | dondy: i'm just guessing it's this annoying tomahawk layout
  8817 | Bailey   | PolkaDot: ugh
  8818 | Bailey   | dondy: oh yeah >.>
  8908 | Bailey   | Found an iron altar of Okawaru.
  8909 | Bailey   | dondy: bad idea
  8909 | Bailey   | dondy: also no waiting off contam :P
  8909 | Bailey   | PolkaDot: apparently so
  8909 | Bailey   | PolkaDot: No Warlord on this layour though
  8909 | Bailey   | PolkaDot: ~So, just knight's to worry about
  8909 | Bailey   | dondy: yeh
  9079 | Bailey   | dondy: grab the lamp
  9080 | Bailey   | dondy: ffs
  9087 | Bailey   | dondy: and hmm... not even a knight :o
  9087 | Bailey   | PolkaDot: quite
  9087 | Bailey   | PolkaDot: Relaaaa
  9087 | Bailey   | PolkaDot: x
  9087 | Bailey   | PolkaDot: clear level first, loot later
  9087 | Bailey   | PolkaDot: unless ninja ;p
  9087 | Bailey   | dondy: can't - need to read feminist bullshit atm :p
  9110 | Bailey   | PolkaDot: xD
  9110 | Bailey   | PolkaDot: good luck witht hat
  9120 | Bailey   | dondy: nothing besides the lamp?
  9123 | D:9      | PolkaDot: nope
  9143 | D:9      | dondy: boo
  9143 | D:9      | PolkaDot: quite
  9143 | D:9      | dondy: oh you should've gone with chei :3
  9143 | D:9      | PolkaDot: o.O
  9143 | D:9      | PolkaDot: why?
  9143 | D:9      | PolkaDot: I don't have the power to survive that
  9143 | D:9      | dondy: pretty sure he's not too awful for a enchanter
  9143 | D:9      | PolkaDot: ...
  9143 | D:9      | PolkaDot: I doubt this, sorry xP
  9280 | D:9      | dondy: well, stealth calculation doesn't account for aut but for turns so even if you're slower you're just as stealthy
  9294 | D:9      | dondy: also, you get stealth boni due to +15 dex
  9450 | D:9      | PolkaDot: Mhmm
  9450 | D:9      | PolkaDot: And when things do see you?
  9450 | D:9      | PolkaDot: Like, say Rupert
  9450 | D:9      | PolkaDot: who then berserks
  9450 | D:9      | dondy: step from time, make him go back to sleep
  9450 | D:9      | PolkaDot: and is rather resistant to enchantment? xP
  9450 | D:9      | PolkaDot: huh
  9450 | D:9      | PolkaDot: not a bad sounding idea...
  9450 | D:9      | dondy: or at least wander off
  9450 | D:9      | PolkaDot: Sounds incredibly rough for the early game
  9450 | D:9      | dondy: not any more rough than sif really
  9450 | D:9      | dondy: at least for a stabber
  9450 | D:9      | PolkaDot: Sif doesn't slow me before giving the the nice thigns >.>
  9450 | D:9      | PolkaDot: I dunn, I'll have tot ry it one day
  9450 | D:9      | dondy: the only problem is getting some invocation - which Vp suck at (among other things like Conjuration :P)
  9450 | D:9      | PolkaDot: -1 isn't that bad
  9450 | D:9      | dondy: it's terrible, 2 points below human :P
  9450 | D:9      | dondy: probably the same as Tr :p
  9450 | D:9      | PolkaDot: xD
  9450 | D:9      | PolkaDot: [it is the same as Tr
  9450 | D:9      | PolkaDot: I know, I've got a rune or two with them :D
  9451 | D:9      | dondy: xD
  9460 | D:9      | dondy: Tr of Chei is excellent too :3
  9516 | D:9      | dondy: it's actually the best chei guy i can come up with
  9516 | D:9      | PolkaDot: That souns more like it
  9516 | D:9      | PolkaDot: But then
  9516 | D:9      | PolkaDot: Tr
  9516 | D:9      | dondy: TrFi even
  9516 | D:9      | PolkaDot: IT's a tab storm x3
  9536 | D:9      | Acquired Sif Muna's second power
  9618 | D:9      | Found a burning altar of Makhleb.
  9693 | D:10     | Entered Level 10 of the Dungeon
  9859 | D:10     | Found a staircase to the Lair.
  9884 | D:10     | dondy: yeh, also - Tr have the best spell in the game:
  9893 | D:10     | dondy: cast large rock bolt ;}
  9929 | D:10     | PolkaDot: XD
 10019 | D:10     | dondy: urgh, wargs have sinv
 10200 | D:10     | dondy: i guess i was slow with that info
 10203 | D:10     | PolkaDot: I know they do
 10203 | D:10     | dondy: ah
 10203 | D:10     | dondy: kk
 10203 | D:10     | PolkaDot: but orcs can always wake up to me
 10203 | D:10     | PolkaDot: evenif it is increasingly unlikely
 10203 | D:10     | PolkaDot: so I figured, it MARGINALLY increased my chances of makign it
 10217 | D:10     | Reached skill level 16 in Hexes
 10226 | D:10     | Noticed an orc knight
 10233 | D:10     | Killed an orc knight
 10238 | D:10     | dondy: your stabbing sux
 10244 | D:10     | PolkaDot: stealth is permanently on
 10244 | D:10     | dondy: weird, how high is sbl?
 10244 | D:10     | PolkaDot: 2.5
 10244 | D:10     | dondy: ...
 10244 | D:10     | PolkaDot: it'll get more soon
 10244 | D:10     | PolkaDot: I know how it works xP
 10244 | D:10     | Noticed an orc sorcerer
 10247 | D:10     | dondy: run
 10247 | D:10     | dondy: don't go there
 10247 | D:10     | PolkaDot: You don't say >.>
 10259 | D:10     | dondy: ehhr, i mean, attaaack
 10282 | D:10     | PolkaDot: xD
 10534 | D:10     | Reached skill level 5 in Charms
 10710 | D:10     | Noticed an orc knight
 10723 | D:10     | Killed an orc knight
 10793 | D:10     | PolkaDot: awwww D:
 10810 | D:10     | dondy: contam....
 10818 | D:10     | dondy: nurrghghgh
 11010 | D:10     | dondy: *remote nethand engage*
 11010 | D:10     | PolkaDot: xD
 11010 | D:10     | PolkaDot: xP
 11031 | D:10     | dondy: ATTAAAACK
 11031 | D:10     | PolkaDot: patience
 11031 | D:10     | dondy: quaff the confusion pot before tabbing wildly
 11034 | D:10     | PolkaDot: xP
 11034 | D:10     | dondy: TRUST MEEE ;}
 11036 | D:10     | PolkaDot: POWAH
 11039 | D:10     | Killed an orc sorcerer
 11042 | D:10     | Reached XP level 11. HP: 65/65 MP: 17/23
 11062 | D:10     | dondy: doing it wrong :<
 11069 | D:10     | PolkaDot: the might may or may not have been overkill
 11069 | D:10     | PolkaDot: Bu I *LIKE* overkill :D
 11222 | D:10     | dondy: walk on that powerup field, YESH
 11254 | D:10     | dondy: now you have immense power to find every monster on the map easily! ;}
 11254 | D:10     | dondy: it's basically a exp power up!
 11254 | D:10     | PolkaDot: ;D
 11379 | D:10     | dondy: keep a poly
 11379 | D:10     | dondy: it's neat against really annoyng stuff d:
 11379 | D:10     | dondy: like eels
 11384 | D:10     | PolkaDot: ...
 11404 | D:10     | PolkaDot: gotta keep that weight low enough for bat form ^^;
 11445 | D:10     | dondy: get more str :p
 11445 | D:10     | PolkaDot: Nah
 11445 | D:10     | PolkaDot: 238 is enough :)
 11445 | D:10     | PolkaDot: plus
 11445 | D:10     | PolkaDot: I'll probs get an armour slot that'll give more at some point
 11468 | D:10     | dondy: getting at least 10 str doesn't seem like a bad idea for bite damage at least
 11469 | D:10     | Noticed Erica
 11483 | D:10     | dondy: unaffected
 11671 | D:10     | dondy: probably a rC robe :3
 11708 | D:10     | PolkaDot: Probably
 11708 | D:10     | PolkaDot: >.<
 11727 | D:10     | dondy: just go invis ?
 11780 | D:10     | PolkaDot: I r
 11789 | D:10     | dondy: just stab her
 11790 | D:10     | dondy: lol
 11804 | D:10     | Killed Erica
 11804 | D:10     | Reached skill level 17 in Hexes
 11815 | D:10     | PolkaDot: butbtubut
 11815 | D:10     | PolkaDot: confusion is niiiice
 11941 | D:10     | Found a staircase to the Orcish Mines.
 11956 | D:10     | dondy: it also barely makes any sense to use corona and blade together
 11964 | D:10     | PolkaDot: ALL the to-hit bonuses!
 11973 | D:10     | PolkaDot: surely they stack?
 12024 | D:10     | dondy: blade is usually enough to not miss
 12032 | D:10     | PolkaDot: hm
 12032 | D:10     | PolkaDot: I'll base it off ev
 12032 | D:10     | PolkaDot: because if that's high, I want the bonuses, just to be sure xP
 12032 | D:10     | PolkaDot: well
 12032 | D:10     | PolkaDot: until I get SBlade into the light blue :D
 12032 | D:10     | dondy: you're also just wasting time not hitting stuff :p
 12032 | D:10     | PolkaDot: then it just don't matter :D
 12032 | D:10     | PolkaDot: in order to get more time hitting stuff ;p
 12830 | Lair:1   | Entered Level 1 of the Lair of Beasts
 12831 | Lair:1   | PolkaDot: right, things to do
 12831 | Lair:1   | PolkaDot: I'mma do Lair later
 12831 | Lair:1   | dondy: kk
 12831 | Lair:1   | PolkaDot: \o
 13334 | Lair:1   | Found a labyrinth entrance.
 13342 | Lair:1   | TomPliss: hey
 13342 | Lair:1   | PolkaDot: hey
 13342 | Lair:1   | TomPliss: you should drop your TP wands or something
 13368 | Lab      | TomPliss: to be sure to have slots
 13368 | Lab      | Entered a labyrinth
 13369 | Lab      | TomPliss: ^^
 13369 | Lab      | TomPliss: or all your consumables o_O
 13369 | Lab      | PolkaDot: Already did it :p
 13369 | Lab      | PolkaDot: don't need 'em
 13369 | Lab      | PolkaDot: Minotaurs are easy
 13370 | Lab      | TomPliss: hope you'll put that mino to sleep
 13370 | Lab      | PolkaDot: invis
 13370 | Lab      | PolkaDot: and if it doesn't go to sleep quickly, confuse
 13370 | Lab      | TomPliss: except when they pick up good artifacts
 13370 | Lab      | PolkaDot: always possible
 13370 | Lab      | PolkaDot: unlikely to be a big issue
 13466 | Lab      | TomPliss: he'll have the clarity katana, and a stasis armor ! :p
 13479 | Lab      | TomPliss: then invisibility , right ?
 13479 | Lab      | PolkaDot: xD
 13479 | Lab      | PolkaDot: Invis
 13479 | Lab      | PolkaDot: Sure blade
 13479 | Lab      | PolkaDot: ...
 13479 | Lab      | PolkaDot: No, that'd be silly
 13479 | Lab      | PolkaDot: lure
 13479 | Lab      | PolkaDot: invis
 13479 | Lab      | PolkaDot: ninja stuff ;D
 13886 | Lab      | TomPliss: you should drop stones, to mark your way, if you're that much likely to go back
 13888 | Lab      | TomPliss: :p
 13888 | Lab      | PolkaDot: bread crumbs! :D
 13913 | Lab      | PolkaDot: Orrr, choose a wall
 13913 | Lab      | PolkaDot: follow it
 13913 | Lab      | PolkaDot: might take a while, but it will work
 13913 | Lab      | PolkaDot: not like I'll starve ;p
 13986 | Lab      | Noticed a minotaur
 13993 | Lab      | Killed a minotaur
 13993 | Lab      | Acquired Sif Muna's third power
 13995 | Lab      | PolkaDot: easy ;p
 13998 | Lab      | TomPliss: too easy :/
 14002 | Lab      | TomPliss: norely no loot ?
 14004 | Lab      | TomPliss: oh 4 stacks
 14005 | Lab      | Got a pair of transparent gloves
 14008 | Lab      | TomPliss: didn't see, with the statues
 14008 | Lab      | PolkaDot: xP
 14016 | Lair:1   | Identified the +1 pair of gloves "Yplex" {Dex+4 Int-3} (You found it in a labyrinth)
 14017 | Lair:1   | TomPliss: not caring about the +Contam artefact property ?
 14021 | Lair:1   | PolkaDot: contam?
 14021 | Lair:1   | PolkaDot: I'm not seeing it
 14021 | Lair:1   | TomPliss: it doesn't have it, I know
 14021 | Lair:1   | TomPliss: I usually wear-ID runed stuff, but not artefacts, as it may have permanent consequences
 14021 | Lair:1   | TomPliss: as +contam property
 14021 | Lair:1   | PolkaDot: contam isn't permanent and rot is easy to cure ;p
 14021 | Lair:1   | TomPliss: same for distort weapons
 14021 | Lair:1   | PolkaDot: survivable at this point
 14021 | Lair:1   | TomPliss: +contam can mute you, as it put you at yellow contam level
 14021 | Lair:1   | PolkaDot: not at bloodless
 14021 | Lair:1   | TomPliss: oh ?
 14021 | Lair:1   | TomPliss: nice
 14021 | Lair:1   | PolkaDot: it rots
 14021 | Lair:1   | PolkaDot: No mutation effects, ever :)
 14021 | Lair:1   | PolkaDot: unless satitated or abpve
 14021 | Lair:1   | TomPliss: -_-
 14021 | Lair:1   | PolkaDot: satiated*
 14021 | Lair:1   | TomPliss: not fun
 14021 | Lair:1   | PolkaDot: No?
 14021 | Lair:1   | TomPliss: nope
 14021 | Lair:1   | PolkaDot: I get to choose when I mutate
 14021 | Lair:1   | PolkaDot: all the benemuts! ;P
 14021 | Lair:1   | TomPliss: you get to be a coward ! :D
 14021 | Lair:1   | PolkaDot: cowards win crawl, or so I hear ;D
 14021 | Lair:1   | TomPliss: yeap ... :/
 14021 | Lair:1   | PolkaDot: besides
 14021 | Lair:1   | PolkaDot: I'm backstabbing SoB who never fight's on other's terms
 14021 | Lair:1   | PolkaDot: yeah, I'm a coward xP
 14021 | Lair:1   | TomPliss: -_-
 14021 | Lair:1   | TomPliss: anyway, gonna go play myself
 14021 | Lair:1   | TomPliss: see ya
 14021 | Lair:1   | PolkaDot: enjoy o/
 14080 | Lair:1   | Learned a level 1 spell: Apportation
 14090 | Lair:1   | Identified a scroll of acquirement
 14396 | Lair:2   | Noticed a five-headed hydra
 14404 | Lair:2   | Killed a five-headed hydra
 14748 | Lair:2   | Reached skill level 18 in Hexes
 15468 | Lair:3   | dondy: ping
 15468 | Lair:3   | PolkaDot: pong
 15468 | Lair:3   | dondy: https://www.youtube.com/watch?v=PJeMKMTPd-Q
 15468 | Lair:3   | dondy: :D
 15468 | Lair:3   | dondy: enchanter music ;D
 15468 | Lair:3   | PolkaDot: xD
 15468 | Lair:3   | Reached XP level 12. HP: 71/71 MP: 20/24
 15501 | Lair:3   | dondy: now go forth, and stab doods, SECRETLY! ;>
 15504 | Lair:3   | PolkaDot: xp
 15531 | Lair:3   | dondy: i gotto run, that was all :D
 15708 | Lair:3   | Got an ichor-stained leather armour
 15737 | Lair:3   | Identified the cursed -4 leather armour of Yprag {rF++ Acc-1} (You found it on level 3 of the Lair of Beasts)
 15750 | Lair:3   | Found a staircase to the Swamp.
 15893 | Lair:3   | Reached skill level 15 in Stealth
 15899 | Lair:3   | Reached skill level 10 in Charms
 16537 | Lair:4   | Found a hole to the Spider Nest.
 16570 | Lair:4   | Got an encrusted hand axe
 16571 | Lair:4   | Identified the +12,+7 hand axe of Woveg {chop, rPois rF+} (You found it on level 4 of the Lair of Beasts)
 16639 | Lair:4   | Got a glittering lead amulet
 17551 | Lair:5   | Received a gift from Sif Muna
 17576 | Lair:5   | Identified Betem's Reference Book on Talismans (Sif Muna gifted it to you on level 5 of the Lair of Beasts)
 17678 | Lair:5   | Noticed a five-headed hydra
 17696 | Lair:5   | Killed a five-headed hydra
 18536 | Lair:6   | Reached skill level 19 in Hexes
 18569 | Lair:6   | Got a transparent quarterstaff
 18606 | Lair:6   | Identified the amulet of the Barnacle {Clar rC+ Acc-4 Dam+3} (You found it on level 4 of the Lair of Beasts)
 18606 | Lair:6   | Identified the +5,+7 quarterstaff "Grim" {drain, MR++} (You found it on level 6 of the Lair of Beasts)
 18957 | Lair:6   | Reached XP level 13. HP: 76/76 MP: 14/25
 20335 | Lair:8   | Entered Level 8 of the Lair of Beasts
 20581 | Lair:8   | Reached skill level 5 in Short Blades
 20688 | Lair:8   | Found a staircase to the Slime Pits.
 21304 | Lair:8   | Reached skill level 20 in Hexes
 21501 | Lair:8   | Reached XP level 14. HP: 82/82 MP: 23/26
 22391 | Swamp:1  | Entered Level 1 of the Swamp
 22453 | Swamp:1  | Reached skill level 10 in Short Blades
 23430 | Swamp:1  | Received a gift from Sif Muna
 23448 | Swamp:1  | Learned a level 2 spell: Blink
 23521 | Swamp:1  | Reached skill level 5 in Dodging
 24229 | Swamp:1  | Reached skill level 21 in Hexes
 24241 | Swamp:2  | Noticed Nessos
 24258 | Swamp:2  | Killed Nessos
 24353 | Swamp:2  | Noticed Aizul
 25401 | Swamp:3  | Reached XP level 15. HP: 77/87 MP: 18/27
 27084 | Swamp:5  | Entered Level 5 of the Swamp
 27437 | Swamp:5  | Reached skill level 1 in Translocations
 27487 | Swamp:5  | Noticed a bone dragon
 27511 | Swamp:5  | Got a decaying rune of Zot
 27516 | Swamp:5  | Reached skill level 10 in Dodging
 28433 | Lair:1   | Learned a level 3 spell: Regeneration
 28563 | D:11     | You fall through a shaft for 2 floors!
 28682 | D:12     | Found a frozen archway.
 28760 | IceCv    | Entered an ice cave
 29663 | IceCv    | Received a gift from Sif Muna
 29664 | IceCv    | Identified Sif Muna's Reference Book on Beguiling (Sif Muna gifted it to you in an ice cave)
 29989 | IceCv    | Reached skill level 22 in Hexes
 30299 | D:12     | Noticed SkaryMonk's ghost (experienced OpEn)
 30308 | D:12     | Killed SkaryMonk's ghost
 30738 | D:12     | Reached XP level 16. HP: 93/93 MP: 23/28
 31189 | D:13     | Learned a level 2 spell: Repel Missiles
 31958 | D:14     | Found a radiant altar of Vehumet.
 32955 | D:14     | Found a gate to the Vaults.
 33094 | D:14     | Received a gift from Sif Muna
 33100 | D:14     | Identified Sif Muna's Grimoire of Enchantment (Sif Muna gifted it to you on level 14 of the Dungeon)
 33128 | D:15     | Entered Level 15 of the Dungeon
 33857 | D:15     | Reached skill level 23 in Hexes
 33903 | D:15     | Somebody: You seem to be doing quite well for yourself.
 33903 | D:15     | PolkaDot: :)
 33911 | D:15     | Somebody: He-he, enslaving boggarts is interesting.
 33936 | D:15     | PolkaDot: Summooooons
 33936 | D:15     | PolkaDot: Never had a centaur PACK fight for me before
 33943 | D:15     | Noticed Urug
 33948 | D:15     | Somebody: :)
 33975 | D:15     | Somebody: I am still doing fine for myself. Have had my servants kill Lom Lobon, with a little Airstriking help from myself.
 33976 | D:15     | Killed Urug
 33981 | D:15     | PolkaDot: :D
 34270 | D:15     | Noticed Fannar
 34271 | D:15     | PolkaDot: brb
 34271 | D:15     | Somebody: Take care.
 34278 | D:15     | Killed Fannar
 34466 | D:11     | Noticed Gastronok
 34466 | D:11     | Noticed Nergalle
 34484 | D:11     | Killed Gastronok
 34825 | Orc:1    | Entered Level 1 of the Orcish Mines
 35905 | Orc:3    | Gained mutation: Your flesh is cold resistant. [potion of beneficial mutation]
 35918 | Orc:4    | Entered Level 4 of the Orcish Mines
 36436 | Orc:4    | Found a roughly hewn altar of Beogh.
 36696 | Orc:4    | Found a radiant altar of Vehumet.
 36705 | Orc:4    | Found Ebruhang's Assorted Antiques.
 36710 | Orc:4    | Found Otuir's Antique Armour Shop.
 36712 | Orc:4    | Found Prirghaa's Jewellery Shop.
 36713 | Orc:4    | Found Buxatid's Jewellery Boutique.
 37694 | Orc:4    | Bought a scroll labeled WIPROGO NAEPNY for 27 gold pieces
 37694 | Orc:4    | Bought a scroll of acquirement for 1404 gold pieces
 37859 | Orc:4    | Found a staircase to the Elven Halls.
 38056 | Orc:4    | Bought a runed cloak for 30 gold pieces
 38072 | Orc:4    | Bought the amulet of the Four Winds {Clar rN+ MR++} for 500 gold pieces
 38079 | Orc:4    | Learned a level 5 spell: Silence
 38127 | Elf:1    | Entered Level 1 of the Elven Halls
 38138 | Elf:1    | Reached skill level 1 in Air Magic
 38171 | Elf:1    | Received a gift from Sif Muna
 38172 | Elf:1    | Identified Sif Muna's Volume of Bewitchment (Sif Muna gifted it to you on level 1 of the Elven Halls)
 38183 | Elf:1    | Got a fine buckler
 38189 | Elf:1    | Identified the -3 buckler "Tucrugyu" {MR++} (You acquired it on level 1 of the Elven Halls)
 38627 | Elf:1    | Noticed Frances
 38828 | Elf:1    | Noticed Nikola
 38916 | Elf:1    | Noticed Kirke
 38943 | Elf:1    | Killed Kirke
 39542 | Elf:1    | Killed from afar by Frances

Action                   |  1- 3 |  4- 6 |  7- 9 | 10-12 | 13-15 | 16-18 || total
-------------------------+-------+-------+-------+-------+-------+-------++-------
Melee: Dagger            |   157 |   103 |   306 |   635 |   875 |   679 ||  2755
       Short sword       |       |       |       |    52 |       |    43 ||    95
Throw: Dart              |     2 |       |       |       |       |       ||     2
       Stone             |       |       |     5 |     6 |       |       ||    11
 Cast: Corona            |    16 |     2 |     8 |     4 |    16 |     9 ||    55
       Ensorcelled Hiber |    11 |    25 |   105 |   236 |   315 |   157 ||   849
       Confuse           |       |     3 |    32 |    22 |    49 |    37 ||   143
       Sure Blade        |       |       |     9 |    65 |    17 |    12 ||   103
       Invisibility      |       |       |     5 |    28 |    42 |    25 ||   100
       Enslavement       |       |       |       |       |    11 |    58 ||    69
       Apportation       |       |       |       |       |     3 |       ||     3
       Blink             |       |       |       |       |     2 |    10 ||    12
       Regeneration      |       |       |       |       |       |    29 ||    29
       Repel Missiles    |       |       |       |       |       |     3 ||     3
       Silence           |       |       |       |       |       |     1 ||     1
Invok: Channel Energy    |       |       |       |   237 |   170 |   133 ||   540
 Abil: End Transformatio |       |       |       |     5 |    17 |       ||    22
       Bat Form          |       |       |       |     5 |    17 |       ||    22
Evoke: Wand              |       |       |     4 |    12 |     1 |    17 ||    34
  Use: Potion            |     1 |     2 |       |     2 |     4 |     8 ||    17
       Scroll            |     2 |     4 |    15 |    12 |    10 |    15 ||    58
 Stab: Sleeping          |    16 |    20 |   110 |   296 |   367 |   212 ||  1021
       Confused          |       |     1 |    13 |     6 |    27 |    22 ||    69
       Distracted        |       |       |     2 |     4 |    13 |     4 ||    23
       Invisible         |       |       |     2 |    25 |    89 |    73 ||   189
       Paralysed         |       |       |       |       |       |     3 ||     3
       Betrayed ally     |       |       |       |       |       |     3 ||     3
